 Dungeon Crawl Stone Soup version 0.26-a0-597-gb535b0901c (webtiles) character file.

Game seed: 4661438887463098858

12595 Lanoc the Martial Artist (level 11, -4/90 HPs)
             Began as a Demonspawn Brigand on Sept 8, 2020.
             Was a High Priest of Wu Jian.
             Slain by a skeletal warrior
             ... wielding a +0 hand axe
             ... led by a skeletal warrior
              (21 damage)
             ... on level 10 of the Dungeon.
             The game lasted 00:18:00 (11842 turns).

Lanoc the Martial Artist (Demonspawn Brigand)      Turns: 11842, Time: 00:18:00

Health: -4/90      AC: 13    Str:  7    XL:     11   Next: 64%
Magic:  2/2        EV: 21    Int: 13    God:    Wu Jian [*****.]
Gold:   878        SH:  0    Dex: 25    Spells: 10/10 levels left

rFire    . . .     SeeInvis .     - Unarmed
rCold    . . .     Faith    +   (no shield)
rNeg     + . .     Spirit   .   E - +2 robe {MR+}
rPois    +         Reflect  .   (no helmet)
rElec    +         Harm     .   c - +0 cloak
rCorr    .                      (no gloves)
MR       +....                  (no boots)
Stlth    ++++......             A - amulet of faith
HPRegen  0.25/turn              j - ring of Reimbursement {rElec rN+ MP-9 Str-5 Dex+8}
MPRegen  0.08/turn              a - +4 ring of protection

@: no status effects
A: claws 2, slimy green scales 3, spiny 1
a: Wall Jump, Serpent's Lash, Heavenly Storm, Renounce Religion


You were on level 10 of the Dungeon.
You worshipped Wu Jian.
Wu Jian was extremely pleased with you.
You visited 2 branches of the dungeon, and saw 12 of its levels.

You collected 878 gold pieces.

Inventory:

Hand Weapons
 b - a +4 scimitar of flaming
Missiles
 d - 44 poisoned darts (quivered)
 e - 6 curare-tipped darts
 r - 3 atropa-tipped darts
Armour
 c - a +0 cloak (worn)
 E - a +2 robe of magic resistance (worn)
Jewellery
 a - a +4 ring of protection (right claw)
 j - the ring of Reimbursement (left claw) {rElec rN+ MP-9 Str-5 Dex+8}
   (You acquired it on level 11 of the Dungeon)

   [ring of positive energy]

   It affects your strength (-5).
   It affects your dexterity (+8).
   It insulates you from electricity.
   It protects you from negative energy.
   It affects your magic capacity (-9).
 l - a +4 ring of evasion
 p - an uncursed ring of flight
 y - an uncursed ring of protection from magic
 A - an amulet of faith (around neck)
 C - an uncursed ring of protection from fire
 I - an uncursed ring of positive energy
Wands
 q - a wand of flame (30)
Scrolls
 f - a scroll of immolation {unknown}
 h - 2 scrolls of enchant weapon
 i - 5 scrolls of remove curse
 k - a scroll of random uselessness
 n - a scroll of fear {unknown}
 t - a scroll of noise {unknown}
 w - 2 scrolls of amnesia {unknown}
 x - a scroll of teleportation {unknown}
 z - a scroll of magic mapping
 B - a scroll of fog
 G - a scroll of identify
Potions
 g - a potion of stabbing
 m - a potion of lignification
 o - 3 potions of flight
 s - 2 potions of haste
 u - 2 potions of curing
 D - 3 potions of might
 F - a potion of magic
 H - a potion of brilliance
Miscellaneous
 v - a lightning rod (4/4)


   Skills:
 + Level 9.8 Fighting
   Level 1.7 Short Blades
 - Level 1.7 Throwing
 + Level 9.0 Dodging
 - Level 5.0 Stealth
 * Level 11.3 Unarmed Combat


You had 10 spell levels left.
You didn't know any spells.
Your spell library contained the following spells:

 Spells                   Type           Power        Failure   Level
 Magic Dart               Conj           #...         30%         1
 Blink                    Tloc           N/A          43%         2
 Call Imp                 Summ           #.......     43%         2
 Slow                     Hex            #.......     43%         2
 Confusing Touch          Hex            #.......     67%         3
 Conjure Flame            Conj/Fire      #.......     67%         3
 Gell's Gravitas          Tloc           #.........   67%         3
 Mephitic Cloud           Conj/Pois/Air  #.......     67%         3
 Petrify                  Tmut/Erth      #.......     97%         4
 Metabolic Englaciation   Hex/Ice        #.........   100%        5
 Yara's Violent Unravell  Hex/Tmut       #.........   100%        5


Dungeon Overview and Level Annotations

Branches:
Dungeon (11/15)            Temple (1/1) D:6            Lair (0/6) D:8
    Orc (0/2) D:9

Altars:
Ashenzari
Cheibriados
Dithmenos
Gozag
Hepliaklqana
Kikubaaqudgha
Nemelex Xobeh
Okawaru
Ru
Trog
Vehumet
Wu Jian
Xom

Shops:
D:4 [   D:6 !   D:11 :

Portals:
Trove: D:10 (give +6 demon blade)

Annotations:
D:2 Sigmund
D:5 2 transporters


Innate Abilities, Weirdness & Mutations

You have very sharp fingernails.
You are completely covered in slimy green scales. (AC +4, rPois)
You are partially covered in sharp spines.


Message History

You experience a momentary feeling of inescapable doom!
It was a scroll of random uselessness.
The skeletal warrior is struck by your spines.
The skeletal warrior hits you with a +0 hand axe.
As you read the scroll labeled ECEIVVELUH, it crumbles to dust.
It is a scroll of enchant weapon.
Your +3 scimitar of flaming glows red for a moment.
The skeletal warrior hits you with a +0 hand axe!
* * * LOW HITPOINT WARNING * * *
You spin and attack the skeletal warrior.
You barely miss the skeletal warrior.
The skeletal warrior is lightly damaged.
You spin and attack the skeletal warrior repeatedly.
You scratch the skeletal warrior but do no damage.
The skeletal warrior is lightly damaged.
You scratch the skeletal warrior but do no damage.
You claw the skeletal warrior.
The skeletal warrior is lightly damaged.
The skeletal warrior hits you with a +0 hand axe!!
You die...

#.....##.####)####.####.......
#.....#.###.....###.# #.......
#...<.#.# #..⌠..# #.# #.......
#..)..#.# #.....# #.# #.......
#.....#.# #.....# #.# #.......
#.....#.# #..⌠..# #.# #.......
#.....#.# #...[.# #.###.......
#.....#.# ###[### #.#.....####
#.....#.####.@.####.#.###.....
########..##.z.##..##.# #.....
#...#..=#...##.# #.....
##..##.##..###.# #.....
##..#.#..## ### #..... ###
##.###.## ### #..... ######.##
##.#.## ##.# #.#### #.....(.##
##.## ##..####.# # #........##
#.# ##......#.# #


You could see a skeletal warrior.

Vanquished Creatures
  Erica (D:8)
  3 two-headed ogres
  An unseen horror (D:11)
  A manticore (D:11)
  An orc sorcerer (D:10)
  3 kobold demonologists
  A tengu conjurer (D:10)
  3 trolls
  A guardian mummy (D:10)
  A hippogriff (D:10)
  6 yaks (D:11)
  A steam dragon (D:9)
  A water moccasin (D:10)
  6 orc warriors
  2 ice beasts
  2 phantoms (D:7)
  A necrophage (D:8)
  4 ogres
  2 sky beasts
  8 centaurs
  3 wolves (D:8)
  7 big kobolds
  3 bullfrogs
  A wyvern skeleton (D:9)
  4 scorpions
  A water moccasin skeleton (D:8)
  11 killer bees
  2 howler monkeys
  2 centaur zombies
  2 bullfrog zombies (D:7)
  A jelly (D:9)
  7 hounds
  5 orc priests
  A centaur skeleton (D:6)
  A bullfrog skeleton (D:4)
  8 orc wizards
  14 worker ants
  10 gnolls
  A howler monkey skeleton (D:10)
  8 adders
  A shadow imp (D:5)
  3 white imps
  3 ufetubi
  An ooze (D:1)
  2 adder skeletons
  2 adder zombies (D:5)
  A worm (D:2)
  A dart slug (D:2)
  5 leopard geckos
  23 orcs
  6 giant cockroaches
  6 hobgoblins
  10 jackals
  A quokka (D:6)
  3 ball pythons (D:3)
  A bat (D:2)
  6 frilled lizards
  4 goblins
  A jackal zombie (D:4)
  36 kobolds
  A leopard gecko skeleton (D:7)
  A quokka zombie (D:5)
  6 rats
265 creatures vanquished.

Vanquished Creatures (others)
  An adder (D:9)
1 creature vanquished.

Grand Total: 266 creatures vanquished

Notes
Turn   | Place    | Note
-------+----------+-------------------------------------------
     0 | D:1      | Lanoc the Demonspawn Brigand began the quest for the Orb.
     0 | D:1      | Reached XP level 1. HP: 16/16 MP: 1/1
   179 | D:1      | Reached skill level 1 in Dodging
   601 | D:1      | Gained mutation: You are partially covered in slimy green
                  | scales. (AC +2) [demonic ancestry]
   601 | D:1      | Reached XP level 2. HP: 23/23 MP: 2/2
   987 | D:2      | Found an ornate altar of the Wu Jian Council.
  1001 | D:2      | Became a worshipper of the Wu Jian Council
  1022 | D:2      | Found a sparkling altar of Nemelex Xobeh.
  1025 | D:2      | Reached XP level 3. HP: 28/28 MP: 3/3
  1035 | D:2      | Found an opulent altar of Gozag.
  1142 | D:2      | Noticed Sigmund
  1178 | D:3      | Gained mutation: You are mostly covered in slimy green
                  | scales. (AC +3) [demonic ancestry]
  1178 | D:3      | Reached XP level 4. HP: 35/35 MP: 4/4
  1724 | D:3      | Reached * piety under Wu Jian
  1946 | D:4      | Found a radiant altar of Vehumet.
  2109 | D:4      | Gained mutation: You have sharp fingernails. [demonic
                  | ancestry]
  2109 | D:4      | Reached XP level 5. HP: 39/41 MP: 5/5
  2426 | D:4      | Found Zusuestioxt's Armour Shop.
  2702 | D:5      | Entered Level 5 of the Dungeon
  2722 | D:5      | Found a shimmering altar of Xom.
  2734 | D:5      | Found a shattered altar of Ashenzari.
  2739 | D:5      | Noticed an ogre
  2752 | D:5      | Killed an ogre
  2752 | D:5      | Reached skill level 5 in Stealth
  2752 | D:5      | Gained mutation: You have very sharp fingernails. [demonic
                  | ancestry]
  2752 | D:5      | Reached XP level 6. HP: 39/48 MP: 6/6
  2981 | D:5      | Found a transporter.
  2982 | D:5      | Found a transporter.
  2999 | D:5      | Found a snail-covered altar of Cheibriados.
  3028 | D:5      | Reached ** piety under Wu Jian
  3048 | D:5      | Reached skill level 1 in Unarmed Combat
  3524 | D:5      | Found an iron altar of Okawaru.
  3525 | D:5      | Found a bloodstained altar of Trog.
  3626 | D:5      | Found a hazy altar of Hepliaklqana.
  3787 | D:5      | Reached skill level 2 in Unarmed Combat
  3787 | D:5      | Gained mutation: You are partially covered in sharp spines.
                  | [demonic ancestry]
  3787 | D:5      | Reached XP level 7. HP: 18/55 MP: 7/7
  4216 | D:6      | Reached skill level 3 in Unarmed Combat
  4307 | D:6      | Found Ytuppan's Distillery.
  4316 | D:6      | Reached skill level 5 in Fighting
  4490 | D:6      | Reached skill level 4 in Unarmed Combat
  4490 | D:6      | Reached XP level 8. HP: 62/62 MP: 8/8
  4502 | D:6      | Found a staircase to the Ecumenical Temple.
  4517 | Temple   | Entered the Ecumenical Temple
  4541 | D:6      | Reached skill level 5 in Dodging
  5009 | D:7      | Reached *** piety under Wu Jian
  5015 | D:7      | Reached skill level 5 in Unarmed Combat
  5453 | D:7      | Reached skill level 6 in Unarmed Combat
  5860 | D:8      | Reached XP level 9. HP: 71/71 MP: 9/9
  5914 | D:8      | Noticed Erica
  5935 | D:8      | Killed Erica
  5935 | D:8      | Reached skill level 7 in Unarmed Combat
  6340 | D:8      | Found a staircase to the Lair.
  6340 | D:8      | Noticed a troll
  6465 | D:8      | Found an iron altar of Okawaru.
  6478 | D:8      | Killed a troll
  6623 | D:8      | Found a shadowy altar of Dithmenos.
  6648 | D:8      | Reached **** piety under Wu Jian
  6778 | D:8      | Reached skill level 8 in Unarmed Combat
  7183 | D:8      | Noticed a two-headed ogre
  7190 | D:8      | Killed a two-headed ogre
  7190 | D:8      | Reached XP level 10. HP: 63/80 MP: 10/10
  7300 | D:8      | Found an ancient bone altar of Kikubaaqudgha.
  7825 | D:9      | Reached skill level 9 in Unarmed Combat
  7959 | D:9      | Noticed a two-headed ogre
  7993 | D:9      | Killed a two-headed ogre
  8763 | D:9      | Found a sacrificial altar of Ru.
  9086 | D:9      | HP: 3/82 [orc warrior/+0 halberd (16)]
  9098 | D:9      | Reached ***** piety under Wu Jian
  9115 | D:9      | HP: 2/82 [orc priest/divine providence (11)]
  9606 | D:9      | Found a staircase to the Orcish Mines.
  9705 | D:10     | Entered Level 10 of the Dungeon
  9712 | D:10     | Reached skill level 10 in Unarmed Combat
  9837 | D:10     | Found a runed translucent door.
  9841 | D:10     | Noticed an orc sorcerer
  9940 | D:10     | Noticed a two-headed ogre
  9956 | D:10     | Killed a two-headed ogre
  9956 | D:10     | Gained mutation: You are completely covered in slimy green
                  | scales. (AC +4, rPois) [demonic ancestry]
  9956 | D:10     | Reached XP level 11. HP: 26/89 MP: 11/11
 10365 | D:10     | Found a portal to a secret trove of treasure.
 10740 | D:10     | Got a pair of steaming gloves
 10745 | D:10     | Identified the cursed +0 pair of gloves "Buceghyq" {Str+3}
                  | (You found it on level 10 of the Dungeon)
 10824 | D:10     | Killed an orc sorcerer
 11342 | D:11     | Identified a scroll of acquirement
 11343 | D:11     | Acquired the ring of Reimbursement {rElec rN+ MP-9 Str-5
                  | Dex+8}
 11354 | D:11     | Found Talysoip's Book Shop.
 11395 | D:11     | Killed an unseen horror
 11395 | D:11     | Reached skill level 11 in Unarmed Combat
 11792 | D:11     | Noticed a skeletal warrior
 11794 | D:11     | Noticed a skeletal warrior
 11796 | D:11     | Noticed a skeletal warrior
 11798 | D:11     | Noticed a skeletal warrior
 11842 | D:10     | Slain by a skeletal warrior

Illustrated notes

Levels and vault maps discovered:
D:1:      dpeg_arrival_triangle_fractal, layout_loops_corners,
          minmay_pentomino_w2
D:2:      layout_loops_ring, lemuel_doored_altar, grunt_gozag_breadcrumbs,
          fedhas_altar_2, nicolae_overflow_crystal_walls, uniq_sigmund
D:3:      layout_basic, serial_glass, glass_columns_b, glass_columns_b
D:4:      layout_loops_ring, lemuel_crystal_altar, serial_shops,
          nicolae_shop_trees
D:5:      layout_loops_corners, grunt_temple_overflow_bloody_war,
          kennysheep_mini_moat, gammafunk_temple_overflow_arena,
          old_standard_altar, xom_teletrap_fun, kennysheep_small_square
D:6:      layout_gridville, minmay_temple_entry_waves, serial_shops,
          nicolae_shop_competitors_out_of_business
D:7:      layout_rooms
D:8:      layout_loops_corners, overflow_temple_1_default,
          lemuel_coloured_pillars_altar, erik_lair_island, basic_altar,
          lightli_orcish_oven, uniq_erica
D:9:      layout_basic, marbit_many_paths, david_orc_4
D:10:     layout_basic, nicolae_trove_entry_path_of_doom, wad_hexagon
D:11:     layout_loops_ring, serial_shops, shop, kennysheep_flooded_box
Temple:   corrupted_temple

Skill      XL: |  1  2  3  4  5  6  7  8  9 10 11 |
---------------+----------------------------------+-----
Dodging        | 1 2 3 4 5 7 8 9 |  9.0
Fighting       | 3 4 5 6 7 9 |  9.8
Stealth        | 4 5 |  5.0
Unarmed Combat | 2 4 6 8 10 11 | 11.3
Short Blades   | |  1.7
Throwing       | |  1.7

Action                   |  1- 3 |  4- 6 |  7- 9 | 10-12 || total
-------------------------+-------+-------+-------+-------++-------
Melee: Dagger            |    54 |   187 |   267 |    41 ||   549
       Punch             |       |     1 |     7 |    15 ||    23
       Unarmed           |       |       |       |   301 ||   301
Throw: Dart              |       |       |       |     2 ||     2
Invok: Lunge             |     3 |    18 |    27 |    38 ||    86
       Whirlwind         |       |     2 |     3 |    61 ||    66
 Abil: Wall Jump         |       |       |       |     1 ||     1
  Use: Potion            |       |       |     3 |     7 ||    10
       Scroll            |       |       |       |    17 ||    17
 Stab: Sleeping          |    11 |    10 |     9 |    11 ||    41
       Distracted        |     1 |     2 |       |     2 ||     5
       Invisible         |       |       |       |     2 ||     2
Armor: Robe              |     9 |    18 |    30 |    42 ||    99
Dodge: Dodged            |    19 |   118 |   198 |   214 ||   549

Table legend: (Time is in decaauts)
 A = Elapsed time spent in this place.
 B = Non-inter-level travel time spent in this place.
 C = Inter-level travel time spent in this place.
 D = Time resting spent in this place.
 E = Time spent auto-exploring this place.
 F = Levels seen in this place.
 G = Mean time per level.
                   A        B        C        D        E       F      G
               +--------+--------+--------+--------+--------+-----+--------+
         Total |  11753 |  11490 |    263 |      0 |   9686 |  12 |  979.4 |
       Dungeon |  11751 |  11488 |    263 |      0 |   9686 |  11 | 1068.3 |
        Temple |      1 |      1 |      0 |      0 |      0 |   1 |    1.0 |
               +--------+--------+--------+--------+--------+-----+--------+

Top non-repeatable levels by time:
     D:9: 2334 daAuts
     D:8: 1506 daAuts
     D:5: 1498 daAuts
    D:10: 1345 daAuts
     D:7: 847 daAuts
     D:1: 836 daAuts
     D:6: 773 daAuts
     D:3: 764 daAuts
    D:11: 758 daAuts
     D:4: 751 daAuts
     D:2: 334 daAuts
  Temple: 1 daAuts
